 Dungeon Crawl Stone Soup version 0.28.0-61-g67df4f89a8 (webtiles) character file.

Game seed: 9227336460353840353

40 Mickster the Sneak (level 3, -14/27 HPs)
             Began as a Vampire Brigand on Feb 16, 2023.
             Demolished by an ogre
             ... wielding a +0 giant club
              (21 damage)
             ... on level 2 of the Dungeon.
             The game lasted 00:15:06 (1129 turns).

Mickster the Sneak (Vampire Brigand)                Turns: 1129, Time: 00:15:08

Health: -14/27     AC: 11    Str: 11 (12) XL:     3   Next: 30%
Magic:  3/3        EV:  2    Int: 11 (13) God:
Gold:   86         SH:  0    Dex: 14 (15) Spells: 1/2 levels left

rFire   . . .      SeeInvis +   a - +2 dagger
rCold   . . .      Faith    .   (no shield)
rNeg    . . .      Spirit   .   j - +0 plate armour
rPois   .          Reflect  .   g - +0 hat
rElec   .          Harm     .   c - +0 cloak
rCorr   .          Rampage  .   (no gloves)
Will    .....                   (no boots)
Stlth   ..........              (no amulet)
HPRegen 0.29/turn               (no ring)
MPRegen 0.08/turn               (no ring)

@: healing quickly
A: alive, fangs 3, see invisible, vampiric 2
a: Exsanguinate


You were on level 2 of the Dungeon.
You visited 1 branch of the dungeon, and saw 2 of its levels.

You collected 86 gold pieces.

Inventory:

Hand Weapons
 a - a +2 dagger (weapon)
Missiles
 d - 8 poisoned darts (quivered)
 e - 2 curare-tipped darts
 h - 19 arrows
Armour
 b - a +0 robe
 c - a +0 cloak (worn)
 f - a +0 ring mail
 g - a +0 hat (worn)
 j - a +0 plate armour (worn)
Scrolls
 i - a scroll of immolation {unknown}


   Skills:
 + Level 2.0 Fighting
 + Level 2.6 Short Blades
 + Level 1.8 Throwing
 + Level 0.4 Armour
 + Level 1.2 Dodging
 + Level 6.9 Stealth


You had one spell level left.
You knew the following spells:

 Your Spells              Type           Power      Damage    Failure   Level
a - Animate Skeleton      Necr           0%         N/A       100%        1

Your spell library contained the following spells:

 Spells                   Type           Power      Damage    Failure   Level
 Apportation              Tloc           0%         N/A       100%        1
 Summon Small Mammal      Summ           0%         N/A       100%        1
 Alistair's Intoxication  Tmut/Pois      0%         N/A       100%        5


Dungeon Overview and Level Annotations

Branches:
Dungeon (2/15)

Altars:


Innate Abilities, Weirdness & Mutations

Your natural rate of healing is accelerated.
You have razor-sharp teeth.
You have supernaturally acute eyesight. (SInv)
You are afflicted with vampirism and can become a bat while bloodless.


Message History

A goblin comes into view. It is wielding a +0 club.
The goblin shouts!
Found a whip.
Found 15 gold pieces.
The goblin hits you but does no damage.
You completely miss the goblin. The goblin hits you but does no damage.
You hit the goblin.
The goblin is severely wounded.
The goblin barely misses you.
You closely miss the goblin.
The goblin is severely wounded.
The goblin completely misses you.
You hit the goblin.
You kill the goblin!
Things that are here:
a +0 club; a goblin corpse You see here a +0 whip.
You now have 86 gold pieces (gained 15).
Found an escape hatch in the floor.
A phantom, an ogre and a goblin come into view.
Found a potion of curing.
A bat and a rat come into view.
A kobold comes into view. It is wielding a +0 short sword.
The bat hits you but does no damage. The ogre hits you with a +0 giant club!
You closely miss the phantom.
The kobold shouts!
Your bite misses the phantom. The bat hits you but does no damage.
The phantom hits you but does no damage.
You hit the phantom. Your bite misses the phantom.
The phantom is lightly damaged.
The bat hits you but does no damage. The ogre hits you with a +0 giant club!
Ouch! That really hurt!
* * * LOW HITPOINT WARNING * * *
You barely miss the phantom.
The phantom is lightly damaged.
The bat hits you but does no damage.
The phantom hits you but does no damage.
The ogre hits you with a +0 giant club!!
Ouch! That really hurt!
You die...

.......<...#
................# ##
...............# ##.#
.............## ...#
.....#.....### #..#
...###.#..##. #..##
..#.........
#OW#####....###.###
#@.##...........##
#..b#......###....
#.r.#...#....###.#..
#..##g.##.....##.##<
#.K##..##.........#..
...##..##.............
##.##..##..............
###g.# #...........###
#..####...........###


You could see a phantom, an ogre, a goblin, a bat, a kobold and a rat.

Vanquished Creatures
  A dart slug (D:2)
  4 ball pythons
  3 bats (D:1)
  3 endoplasms (D:1)
  3 goblins
  5 hobgoblins
  5 jackals (D:1)
  2 kobolds (D:1)
  3 frilled lizards (D:1)
  5 rats
34 creatures vanquished.

Notes
Turn   | Place    | Note
-------+----------+-------------------------------------------
     0 | D:1      | Mickster the Vampire Brigand began the quest for the Orb.
     0 | D:1      | Reached XP level 1. HP: 16/16 MP: 1/1
    25 | D:1      | Reached skill level 6 in Stealth
    95 | D:1      | Reached XP level 2. HP: 19/22 MP: 2/2
   707 | D:1      | Gained mutation: You are afflicted with vampirism and can
                  | become a bat while bloodless. [Vampire growth]
   707 | D:1      | Reached XP level 3. HP: 20/27 MP: 3/3
   964 | D:2      | Learned a level 1 spell: Animate Skeleton
  1123 | D:2      | Noticed a phantom
  1123 | D:2      | Noticed an ogre
  1129 | D:2      | Demolished by an ogre

Illustrated notes

Levels and vault maps discovered:
D:1:      wander_arrival_desolate, layout_rooms,
          ebering_ecumenical_altar_abandoned
D:2:      minmay_alternating_diamond, layout_rooms, minmay_misc_feat_nine_boxes

Skill      XL: |  1  2  3 |
---------------+----------+-----
Stealth        | 6 |  6.9
Fighting       | 2 |  2.0
Short Blades   | |  2.6
Throwing       | |  1.8
Armour         | |  0.4
Dodging        | |  1.2

Action                   || total
-------------------------++-------
Melee: Dagger            ||   133
       Bite              ||     8
       Punch             ||     2
Throw: Dart              ||    15
  Use: Potion            ||     4
 Stab: Sleeping          ||     1
Armor: Ring mail         ||    74
       Plate armour      ||    14
Dodge: Dodged            ||    74
